 Dungeon Crawl Stone Soup version 0.25.1-2-g60ff931df9 (webtiles) character file.

Game seed: 17435006879362339079

231 nikku the Chopper (level 6, -2/56 HPs)
             Began as a Hill Orc Monk on Sept 25, 2020.
             Slain by a worker ant (5 damage)
             ... on level 3 of the Dungeon.
             The game lasted 00:06:45 (4129 turns).

nikku the Chopper (Hill Orc Monk)                   Turns: 4129, Time: 00:06:46

Health: -2/56      AC:  5    Str: 16    XL:     6   Next: 3%
Magic:  15/15      EV: 11    Int: 10    God:
Gold:   97         SH:  0    Dex: 13    Spells: 5/5 levels left

rFire    . . .     SeeInvis .   a - +0 hand axe
rCold    . . .     Gourm    .   (no shield)
rNeg     . . .     Faith    .   g - +0 ring mail
rPois    .         Spirit   .   (no helmet)
rElec    .         Reflect  .   (no cloak)
rCorr    .         Harm     .   (no gloves)
MR       .....                  (no boots)
Stlth    +.........             (no amulet)
HPRegen  0.18/turn              f - ring of magical power
MPRegen  0.14/turn              (no ring)

@: lethally poisoned (-2 -> -15), invisible
A: no striking features
a: no special abilities


You were on level 3 of the Dungeon.
You were not hungry.

You visited 1 branch of the dungeon, and saw 4 of its levels.

You collected 97 gold pieces.

Inventory:

Hand Weapons
 a - a +0 hand axe (weapon)
 b - a +0 hunting sling
Missiles
 h - 6 atropa-tipped darts (quivered)
 o - 12 sling bullets
Armour
 g - a +0 ring mail (worn)
Jewellery
 f - a ring of magical power (left hand)
Scrolls
 e - a scroll of remove curse
 k - a scroll of blinking
 m - a scroll of teleportation
 p - a scroll of identify
Potions
 j - a potion of heal wounds {unknown}
Comestibles
 c - 4 rations


   Skills:
 + Level 5.4 Fighting
 + Level 6.0 Axes
 + Level 3.2 Armour
 - Level 2.4 Dodging
 - Level 1.5 Stealth


You had 5 spell levels left.
You didn't know any spells.
Your spell library was empty.

Dungeon Overview and Level Annotations

Branches:
Dungeon (4/15)
 Temple: D:4-7

Altars:
Ashenzari
Cheibriados
Elyvilon
Makhleb
Qazlal
Vehumet
Xom

Shops:
D:4 ?


Message History

* * * LOW HITPOINT WARNING * * *
You are lethally poisoned!
The worker ant poisons you!
The worker ant bites you but does no damage.
You barely miss the worker ant.
The worker ant is almost dead.
* * * LOW HITPOINT WARNING * * *
You feel sick. The worker ant bites you.
* * * LOW HITPOINT WARNING * * *
You hit the worker ant but do no damage.
The worker ant is almost dead.
* * * LOW HITPOINT WARNING * * *
You feel sick. The worker ant barely misses you.
* * * LOW HITPOINT WARNING * * *
You feel sick.
It was a potion of invisibility.
You fade into invisibility!
* * * LOW HITPOINT WARNING * * *
You feel sick. The worker ant bites you.
You die...

##.#########...#...
##############............#.....
#................########.......
#.#############..###...#####....
#.# #........######..) #.#
#.####............ #.# #.#
###########.# #.# #.## ##### #.#
#.# ##@.### ##...###.. #.#
#>a...# ##.....#### #.#
#.....###.......### ##.#
#.................. ...#
#.....###.......... #### #.....#
##.....#### ##############.###
##....# #...)>...(.....# ####.#
#.############.# #.#


You could see a worker ant.

Vanquished Creatures
  An orc wizard (D:3)
  4 gnolls (D:3)
  9 adders (D:2)
  An ooze (D:1)
  A worm (D:3)
  3 dart slugs
  2 leopard geckos (D:3)
  3 orcs (D:3)
  A ball python (D:2)
  7 bats
  4 giant cockroaches
  4 goblins
  5 hobgoblins
  10 jackals
  8 kobolds
  4 frilled lizards
  3 rats
70 creatures vanquished.

Notes
Turn   | Place    | Note
-------+----------+-------------------------------------------
     0 | D:1      | nikku the Hill Orc Monk began the quest for the Orb.
     0 | D:1      | Reached XP level 1. HP: 19/19 MP: 1/1
   261 | D:1      | Reached XP level 2. HP: 18/27 MP: 2/2
   375 | D:1      | Reached skill level 1 in Armour
  1120 | D:2      | Reached XP level 3. HP: 28/33 MP: 3/3
  1270 | D:2      | Reached XP level 4. HP: 27/41 MP: 4/4
  1276 | D:2      | Reached skill level 5 in Axes
  2145 | D:2      | Reached XP level 5. HP: 36/47 MP: 5/5
  2299 | D:2      | Reached skill level 5 in Fighting
  2741 | D:2      | Found a burning altar of Makhleb.
  2741 | D:2      | Found a radiant altar of Vehumet.
  2767 | D:3      | Found a stormy altar of Qazlal.
  2767 | D:3      | Found a shimmering altar of Xom.
  2769 | D:3      | Found a snail-covered altar of Cheibriados.
  2867 | D:3      | Found a white marble altar of Elyvilon.
  2894 | D:3      | Found a shattered altar of Ashenzari.
  3678 | D:3      | Reached skill level 6 in Axes
  3678 | D:3      | Reached XP level 6. HP: 25/56 MP: 6/6
  4097 | D:4      | Found Yniudon's Magic Scroll Boutique.
  4129 | D:3      | Slain by a worker ant

Illustrated notes

Levels and vault maps discovered:
D:1:      saegor_arrival_simple_e, layout_loops_corners
D:2:      layout_basic, gammafunk_temple_overflow_elements
D:3:      layout_loops_ring, nicolae_overflow_quartered_altars,
          evilmike_ruin_ashenzari
D:4:      layout_cave_pools, lemuel_temple_firewalk_b, serial_shops,
          nicolae_shop_temple_entry_statues_fountains, shop,
          nicolae_shop_window_shopping, uniq_ijyb

Skill      XL: |  1  2  3  4  5 |
---------------+----------------+-----
Armour         | 1 2 3 |  3.2
Fighting       | 4 5 |  5.4
Axes           | 5 6 |  6.0
Dodging        | |  2.4
Stealth        | |  1.5

Action                   |  1- 3 |  4- 6 || total
-------------------------+-------+-------++-------
Melee: Hand axe          |    71 |   209 ||   280
  Use: Scroll            |     3 |     6 ||     9
       Potion            |       |     2 ||     2
 Stab: Sleeping          |     2 |       ||     2
  Eat: Chunk             |     1 |     9 ||    10
Armor: Ring mail         |    24 |    72 ||    96
       Robe              |     2 |       ||     2
Dodge: Dodged            |    59 |   110 ||   169
